 Dungeon Crawl Stone Soup version 0.21.1-1-g345015fe64 (webtiles) character file.

603 Hercules1031 the Covert (level 7, -1/52 HPs)
             Began as a Gnoll Wanderer on June 16, 2018.
             Was a Follower of Fedhas.
             Succumbed to a worker ant's poison
             ... on level 4 of the Dungeon.
             The game lasted 00:20:03 (3429 turns).

Hercules1031 the Covert (Gnoll Wanderer)            Turns: 3429, Time: 00:20:03

Health: -1/52      AC:  6    Str: 12    XL:     7   Next: 42%
Magic:  19/19      EV: 15    Int: 15    God:    Fedhas [*.....]
Gold:   127        SH:  0    Dex: 18    Spells: 10/10 levels left

rFire    + . .     SeeInvis .   o - +0 rapier
rCold    x . .     Gourm    .   (no shield)
rNeg     . . .     Faith    .   t - +0 leather armour
rPois    .         Spirit   .   c - +0 helmet
rElec    .         Reflect  .   r - +0 cloak
rCorr    .         Harm     .   k - +0 pair of gloves
MR       .....                  (no boots)
Stlth    ++++......             (no amulet)
HPRegen  0.17/turn              l - ring of fire
MPRegen  0.16/turn              n - ring of magical power

@: lethally poisoned (-1 -> -21)
A: distributed training, fangs 1, strong nose
a: Fungal Bloom, Evolution, Renounce Religion


You were on level 4 of the Dungeon.
You worshipped Fedhas.
Fedhas was aware of your devotion.
You were full.

You visited 1 branch of the dungeon, and saw 4 of its levels.

You collected 127 gold pieces.

Inventory:

Hand Weapons
 a - a +2 short sword
 b - a +0 dagger of freezing
 e - a +0 dagger
 o - a +0 rapier (weapon)
Armour
 c - a +0 helmet (worn)
 d - a +0 robe
 k - a +0 pair of gloves (worn)
 r - a +0 cloak (worn)
 t - a +0 leather armour (worn)
Jewellery
 l - a ring of fire (left hand)
 n - a ring of magical power (right hand)
Wands
 m - a wand of paralysis (3)
Scrolls
 g - 3 scrolls of remove curse
 h - 2 scrolls of magic mapping
 q - a scroll of identify
Comestibles
 f - a ration


   Skills:
 + Level 3.6 Fighting
 + Level 3.6 Short Blades
 + Level 2.4 Long Blades
 + Level 2.4 Axes
 + Level 2.4 Maces & Flails
 + Level 2.4 Polearms
 + Level 2.4 Staves
 + Level 2.4 Slings
 + Level 2.4 Bows
 + Level 2.4 Crossbows
 + Level 2.4 Throwing
 + Level 2.4 Armour
 + Level 5.2 Dodging
 + Level 9.8 Stealth
 + Level 3.6 Shields
 + Level 2.4 Unarmed Combat
 + Level 2.4 Spellcasting
 + Level 2.0 Conjurations
 + Level 2.0 Hexes
 + Level 2.0 Charms
 + Level 2.0 Summonings
 + Level 2.0 Necromancy
 + Level 2.0 Translocations
 + Level 2.0 Transmutations
 + Level 2.0 Fire Magic
 + Level 2.0 Ice Magic
 + Level 2.0 Air Magic
 + Level 2.0 Earth Magic
 + Level 2.0 Poison Magic
 + Level 2.7 Invocations
 + Level 2.4 Evocations


You had 10 spell levels left.
You didn't know any spells.

Dungeon Overview and Level Annotations

Branches:
Dungeon (4/15)
 Temple: D:4-7

Altars:
Fedhas
Hepliaklqana

Annotations:
D:4 Sigmund


Innate Abilities, Weirdness & Mutations

Your experience applies equally to all skills.
You have very sharp teeth.
Your uncanny sense of smell can sniff out nearby items.


Message History

The worker ant poisons you!
You hit the worker ant.
You kill the worker ant!
Your Conjurations skill increases to level 2!
Your Hexes skill increases to level 2!
Your Charms skill increases to level 2!
Your Summonings skill increases to level 2!
Your Necromancy skill increases to level 2!
Your Translocations skill increases to level 2!
Your Transmutations skill increases to level 2!
Your Fire Magic skill increases to level 2!
Your Ice Magic skill increases to level 2!
Your Air Magic skill increases to level 2!
Your Earth Magic skill increases to level 2!
Your Poison Magic skill increases to level 2!
* * * LOW HITPOINT WARNING * * *
You feel sick.
There is a lethal amount of poison in your body!
You aren't carrying any potions.
You die...
Fedhas appreciates your contribution to the ecosystem.

# .. ### .# .# ##.## .#
.# #...#####..# .
#.........# # ##...†@.#
##. ### #.....### ....
..## ##.....## .....
...### #..#....## ...#
.....#####..###...###...#
.......##..## ##...#...#
..##.......# ##......#
..####....## #.....####
..# ##...# ##........


There were no monsters in sight!

Vanquished Creatures
  Menkaure (D:4)
  2 phantoms
  A scorpion (D:4)
  An orc priest (D:4)
  Jessica (D:2)
  4 worker ants (D:4)
  Robin (D:4)
  An adder (D:2)
  An ooze (D:3)
  2 adder skeletons
  A worm (D:2)
  A dart slug (D:3)
  2 leopard geckos (D:1)
  7 orcs
  3 giant cockroaches (D:2)
  10 hobgoblins
  2 jackals (D:4)
  7 bats
  3 frilled lizards
  13 goblins
  8 kobolds
  7 rats
  2 fungi (D:2)
81 creatures vanquished.

Notes
Turn   | Place    | Note
-------+----------+-------------------------------------------
     0 | D:1      | Reached skill level 9 in Stealth
     0 | D:1      | Hercules1031 the Gnoll Wanderer began the quest for the Orb.
     0 | D:1      | Hercules1031 set off with: a +2 short sword, a scroll of teleportation, a potion of lignification, a +0 robe, a +0 dagger, a ration
     0 | D:1      | Reached XP level 1. HP: 17/17 MP: 1/1
   346 | D:1      | Reached XP level 2. HP: 23/23 MP: 2/2
   880 | D:2      | Reached XP level 3. HP: 16/28 MP: 3/3
   918 | D:2      | Noticed Jessica
   926 | D:2      | Killed Jessica
   926 | D:2      | Reached skill level 1 in Long Blades
   926 | D:2      | Reached skill level 1 in Axes
   926 | D:2      | Reached skill level 1 in Maces & Flails
   926 | D:2      | Reached skill level 1 in Polearms
   926 | D:2      | Reached skill level 1 in Staves
   926 | D:2      | Reached skill level 1 in Slings
   926 | D:2      | Reached skill level 1 in Bows
   926 | D:2      | Reached skill level 1 in Crossbows
   926 | D:2      | Reached skill level 1 in Throwing
   926 | D:2      | Reached skill level 1 in Armour
   926 | D:2      | Reached skill level 1 in Unarmed Combat
   926 | D:2      | Reached skill level 1 in Spellcasting
   926 | D:2      | Reached skill level 1 in Invocations
   926 | D:2      | Reached skill level 1 in Evocations
   932 | D:2      | Found a blossoming altar of Fedhas.
   969 | D:2      | Became a worshipper of Fedhas Madash
   984 | D:2      | Reached XP level 4. HP: 31/34 MP: 5/5
  1108 | D:2      | Noticed a phantom
  1114 | D:2      | Killed a phantom
  1114 | D:2      | Reached skill level 1 in Conjurations
  1114 | D:2      | Reached skill level 1 in Hexes
  1114 | D:2      | Reached skill level 1 in Charms
  1114 | D:2      | Reached skill level 1 in Summonings
  1114 | D:2      | Reached skill level 1 in Necromancy
  1114 | D:2      | Reached skill level 1 in Translocations
  1114 | D:2      | Reached skill level 1 in Transmutations
  1114 | D:2      | Reached skill level 1 in Fire Magic
  1114 | D:2      | Reached skill level 1 in Ice Magic
  1114 | D:2      | Reached skill level 1 in Air Magic
  1114 | D:2      | Reached skill level 1 in Earth Magic
  1114 | D:2      | Reached skill level 1 in Poison Magic
  1114 | D:2      | Reached XP level 5. HP: 40/40 MP: 5/7
  1438 | D:3      | Found a faded altar of an unknown god.
  1664 | D:3      | Found a hazy altar of Hepliaklqana.
  2212 | D:4      | Reached XP level 6. HP: 34/47 MP: 8/8
  2277 | D:4      | Noticed Robin
  2330 | D:4      | Noticed Sigmund
  2412 | D:4      | Reached * piety under Fedhas
  2415 | D:4      | HP: 2/47 [scorpion (6)]
  2759 | D:4      | Noticed Menkaure
  2768 | D:4      | Killed Menkaure
  2768 | D:4      | Reached skill level 5 in Dodging
  2819 | D:4      | Noticed a phantom
  2837 | D:4      | Killed Robin
  2837 | D:4      | Reached XP level 7. HP: 52/52 MP: 10/10
  3427 | D:4      | HP: 2/52 [worker ant (6)]
  3429 | D:4      | Succumbed to a worker ant's poison

Skill      XL: |  1  2  3  4  5  6  7 |
---------------+----------------------+-----
Stealth        | |  9.8
Long Blades    | 1 2 |  2.4
Axes           | 1 2 |  2.4
Maces & Flails | 1 2 |  2.4
Polearms       | 1 2 |  2.4
Staves         | 1 2 |  2.4
Slings         | 1 2 |  2.4
Bows           | 1 2 |  2.4
Crossbows      | 1 2 |  2.4
Throwing       | 1 2 |  2.4
Armour         | 1 2 |  2.4
Unarmed Combat | 1 2 |  2.4
Spellcasting   | 1 2 |  2.4
Invocations    | 1 2 |  2.7
Evocations     | 1 2 |  2.4
Conjurations   | 1 2 |  2.0
Hexes          | 1 2 |  2.0
Charms         | 1 2 |  2.0
Summonings     | 1 2 |  2.0
Necromancy     | 1 2 |  2.0
Translocations | 1 2 |  2.0
Transmutations | 1 2 |  2.0
Fire Magic     | 1 2 |  2.0
Ice Magic      | 1 2 |  2.0
Air Magic      | 1 2 |  2.0
Earth Magic    | 1 2 |  2.0
Poison Magic   | 1 2 |  2.0
Fighting       | 3 |  3.6
Short Blades   | 3 |  3.6
Shields        | 3 |  3.6
Dodging        | 5 |  5.2

Action                   |  1- 3 |  4- 6 |  7- 9 || total
-------------------------+-------+-------+-------++-------
Melee: Short sword       |    80 |    20 |       ||   100
       Bite              |     8 |    13 |     8 ||    29
       Punch             |     1 |     2 |     1 ||     4
       Rapier            |       |   132 |    89 ||   221
  Use: Potion            |     4 |     6 |       ||    10
       Scroll            |     1 |     9 |     1 ||    11
 Stab: Sleeping          |     9 |     8 |       ||    17
       Distracted        |     1 |       |       ||     1
  Eat: Ration            |     1 |     3 |       ||     4
Armor: Ring mail         |     6 |    27 |       ||    33
       Leather armour    |       |    14 |    15 ||    29
       Skin              |       |    10 |    45 ||    55
Dodge: Dodged            |    20 |   130 |    55 ||   205
